 Dungeon Crawl Stone Soup version 0.26-a0-812-g31a745ddcd (webtiles) character file.

Game seed: 3789633688619677635

9818 vurker the Covert (level 11, -2/82 HPs)
             Began as a Gnoll Enchanter on Dec 3, 2020.
             Was an Elder of Cheibriados.
             Slain by a cyan ugly thing (12 damage)
             ... on level 11 of the Dungeon.
             The game lasted 00:20:31 (13714 turns).

vurker the Covert (Gnoll Enchanter)                Turns: 13714, Time: 00:20:32

Health: -2/82      AC: 15    Str: 25    XL:     11   Next: 52%
Magic:  17/23      EV: 15    Int: 31    God:    Cheibriados [****..]
Gold:   346        SH: 25    Dex: 24    Spells: 26/26 levels left

rFire    + . .     SeeInvis .   g - +1 war axe (venom)
rCold    . . .     Faith    .   y - +3 tower shield {rF+}
rNeg     . . .     Spirit   .   p - +0 chain mail
rPois    .         Reflect  +   o - +0 helmet
rElec    .         Harm     .   j - +0 cloak
rCorr    .         Rampage  .   C - +0 pair of gloves
MR       .....                  l - +0 pair of boots
Stlth    ++........             B - amulet of reflection
HPRegen  0.23/turn              c - +4 ring of evasion
MPRegen  0.18/turn              r - +6 ring of strength

@: very slow
A: distributed training, fangs 1, strong nose
a: Bend Time, Temporal Distortion, Slouch, Renounce Religion


You were on level 11 of the Dungeon.
You worshipped Cheibriados.
Cheibriados was greatly pleased with you.
You visited 2 branches of the dungeon, and saw 12 of its levels.

You collected 486 gold pieces.
You spent 140 gold pieces at shops.

Inventory:

Hand Weapons
 a - a +1 trident of venom
   (You took it off an orc on level 4 of the Dungeon)
 g - a +1 war axe of venom (weapon)
   (You found it on level 6 of the Dungeon)
 i - a +2 flail of protection
   (You took it off Edmund on level 6 of the Dungeon)
 A - a +3 whip of electrocution
   (You found it on level 4 of the Dungeon)
Armour
 j - a +0 cloak (worn)
   (You found it on level 3 of the Dungeon)
 l - a +0 pair of boots (worn)
   (You found it on level 6 of the Dungeon)
 o - a +0 helmet (worn)
   (You found it on level 2 of the Dungeon)
 p - a +0 chain mail (worn)
   (You found it on level 7 of the Dungeon)
 y - a +3 tower shield of fire resistance (worn)
   (You found it on level 3 of the Dungeon)
 C - a +0 pair of gloves (worn)
   (You found it on level 4 of the Dungeon)
Jewellery
 c - a +4 ring of evasion (left hand)
   (You took it off an orc wizard on level 4 of the Dungeon)
 q - an uncursed ring of positive energy
   (You found it on level 2 of the Dungeon)
 r - a +6 ring of strength (right hand)
   (You found it on level 3 of the Dungeon)
 B - an amulet of reflection (around neck)
   (You found it on level 4 of the Dungeon)
 D - an uncursed ring of wizardry
   (You found it on level 5 of the Dungeon)
 K - a cursed amulet of faith {unknown}
   (You found it on level 9 of the Dungeon)
Wands
 t - a wand of flame (19)
   (You found it on level 9 of the Dungeon)
 u - a wand of paralysis (10)
   (You took it off an orc on level 6 of the Dungeon)
 v - a wand of digging (10)
   (You found it on level 4 of the Dungeon)
 x - a wand of acid (4)
   (You found it on level 8 of the Dungeon)
 z - a wand of polymorph (3)
   (You took it off Ijyb on level 4 of the Dungeon)
 M - a wand of enslavement (6)
   (You found it on level 10 of the Dungeon)
Scrolls
 b - 2 scrolls of fog
 k - 8 scrolls of remove curse
 s - 8 scrolls of teleportation
 w - a scroll of enchant armour
 I - 2 scrolls of magic mapping
 L - a scroll of enchant weapon
Potions
 d - a potion of heal wounds
 e - 2 potions of cancellation
 f - a potion of invisibility {unknown}
 h - 4 potions of resistance
 m - 3 potions of lignification
 n - a potion of magic {unknown}
 E - 3 potions of might
 F - a potion of degeneration {unknown}
 G - 2 potions of curing
 H - 2 potions of flight
 J - a potion of ambrosia {unknown}


   Skills:
 + Level 6.3 Fighting
 + Level 6.9 Short Blades
 + Level 6.3 Long Blades
 + Level 6.3 Axes
 + Level 6.3 Maces & Flails
 + Level 6.3 Polearms
 + Level 6.3 Staves
 + Level 6.3 Slings
 + Level 6.3 Bows
 + Level 6.3 Crossbows
 + Level 6.3 Throwing
 + Level 6.3 Armour
 + Level 7.9 Dodging
 + Level 8.8 Stealth
 + Level 6.3 Shields
 + Level 6.3 Unarmed Combat
 + Level 8.2 Spellcasting
 + Level 5.3 Conjurations
 + Level 7.7 Hexes
 + Level 5.3 Summonings
 + Level 5.3 Necromancy
 + Level 5.3 Translocations
 + Level 5.3 Transmutations
 + Level 5.3 Fire Magic
 + Level 5.3 Ice Magic
 + Level 5.3 Air Magic
 + Level 5.3 Earth Magic
 + Level 5.3 Poison Magic
 + Level 7.0 Invocations
 + Level 6.3 Evocations


You had 26 spell levels left.
You didn't know any spells.
Your spell library contained the following spells:

 Spells                   Type           Power        Failure   Level
 Corona                   Hex            ######.      11%         1
 Ensorcelled Hibernation  Hex/Ice        ######       28%         2
 Foxfire                  Conj/Fire      ####         30%         1
 Confusing Touch          Hex            ######..     32%         3
 Tukima's Dance           Hex            ######..     32%         3
 Dazzling Flash           Conj/Hex       ######       50%         3
 Inner Flame              Hex/Fire       ######..     50%         3
 Conjure Flame            Conj/Fire      #####...     65%         3
 Sticky Flame             Conj/Fire      #####...     96%         4
 Fireball                 Conj/Fire      #####.....   100%        5


Dungeon Overview and Level Annotations

Branches:
Dungeon (11/15)            Temple (1/1) D:5            Lair (0/6) D:8
    Orc: D:9-12

Altars:
Ashenzari
Cheibriados
Dithmenos
Hepliaklqana
Kikubaaqudgha
Nemelex Xobeh
Qazlal
Ru
Sif Muna
Vehumet
Wu Jian
Yredelemnul
The Shining One

Shops:
D:5 !=:[*

Annotations:
D:11 Erolcha


Innate Abilities, Weirdness & Mutations

Your experience applies equally to all skills.
You have very sharp teeth.
Your uncanny sense of smell can sniff out nearby items.


Message History

Something hits you but does no damage. You block the troll's attack.
The troll barely misses you. The troll misses you.
You slash the troll!
The troll looks as sick as possible!
You hit something. Something hits you but does no damage. The troll bites you.
* * * LOW HITPOINT WARNING * * *
You block the troll's attack. The troll claws you!
* * * LOW HITPOINT WARNING * * *
Unknown command.
You completely miss the troll. You block something's attack.
Something hits you but does no damage.
You block the troll's attack. x3; Something barely misses you.
Unknown command.
Unknown command.
You closely miss the troll. You bite the troll, but do no damage.
You hit something but do no damage. Something hits you but does no damage.
You block the troll's attack. x2; The troll claws you but does no damage.
The troll misses you. You block the troll's attack. The troll misses you.
Unknown command.
Unknown command.
You can feel time thicken for a moment.
You kill the adder!
Cheibriados appreciates the change of pace.
You kill the troll!
Cheibriados appreciates the change of pace.
Cheibriados thoroughly appreciates the change of pace.
Reactivating autopickup.
Your Invocations skill increases to level 7!
You feel a bit more experienced.
Cheibriados lowers the support of your attributes as your movement quickens.
You block the cyan ugly thing's attack.
You hit the cyan ugly thing.
The cyan ugly thing is poisoned.
You bite the cyan ugly thing. You block the cyan ugly thing's attack.
You slash the cyan ugly thing!
The cyan ugly thing looks as sick as possible!
You block the cyan ugly thing's attack.
Your shield and chain mail prevent you from hitting the cyan ugly thing.
You block the cyan ugly thing's attack.
The cyan ugly thing pecks you but does no damage.
You hit the cyan ugly thing but do no damage.
You bite the cyan ugly thing, but do no damage.
The phantom blinks!
You block the cyan ugly thing's attack.
You hit the cyan ugly thing.
The cyan ugly thing looks as sick as possible!
The cyan ugly thing pecks you!
* * * LOW HITPOINT WARNING * * *
The cyan ugly thing shocks you!
You die...

.######.#
......#.#
........# ##
........##.
........#.
.........
.......u##
...W....@#
.......#........
......####.##...
###### .# #


You could see a cyan ugly thing (extremely poisoned) and a phantom.

Vanquished Creatures
  A two-headed ogre (D:9)
  Sonja (D:11)
  3 unseen horrors
  Pikel (D:4)
  A centaur zombie (D:10)
  2 trolls
  Grinder (D:6)
  5 yaks (D:9)
  3 wargs (D:8)
  Edmund (D:6)
  A water moccasin (D:9)
  2 orc warriors
  Duvessa (D:7)
  2 sky beasts
  2 phantoms
  A tengu (D:3)
  5 ogres
  3 centaurs
  3 lemures
  4 big kobolds
  6 bullfrogs
  A gnoll sergeant (D:8)
  Dowan (D:7)
  A scorpion (D:5)
  5 killer bees (D:7)
  3 wights (D:9)
  A howler monkey (D:7)
  An electric eel (D:10)
  2 quasits
  A jelly (D:6)
  6 orc wizards
  2 centaur skeletons
  4 hounds
  Crazy Yiuf (D:4)
  3 orc priests
  Jessica (D:3)
  Terence (D:3)
  Ijyb (D:4)
  9 iguanas
  6 worker ants
  A killer bee zombie (D:6)
  A hound skeleton (D:4)
  A worker ant zombie (D:5)
  Robin (D:4)
  12 gnolls
  16 adders
  A howler monkey skeleton (D:4)
  2 white imps
  An ufetubus (D:6)
  3 oozes
  3 worms
  A dart slug (D:1)
  9 leopard geckos
  33 orcs
  9 giant cockroaches
  11 goblins
  8 hobgoblins
  6 jackals (D:4)
  18 kobolds
  8 quokkas
  3 ball pythons
  13 bats
  4 frilled lizards
  A jackal zombie (D:8)
  A leopard gecko skeleton (D:5)
  A leopard gecko zombie (D:6)
  7 rats
274 creatures vanquished.

Vanquished Creatures (others)
  Maurice (D:9)
  A black bear (D:11)
  A kobold (D:9)
  A fungus (D:4)
  A plant (D:8)
5 creatures vanquished.

Grand Total: 279 creatures vanquished

Notes
Turn   | Place    | Note
-------+----------+-------------------------------------------
     0 | D:1      | vurker the Gnoll Enchanter began the quest for the Orb.
     0 | D:1      | Reached XP level 1. HP: 13/13 MP: 6/6
   266 | D:1      | Reached XP level 2. HP: 15/19 MP: 7/7
  1096 | D:1      | Reached XP level 3. HP: 25/25 MP: 9/9
  1099 | D:1      | Reached skill level 5 in Spellcasting
  1345 | D:2      | Found a sparkling altar of Nemelex Xobeh.
  1375 | D:2      | Reached skill level 1 in Invocations
  1521 | D:2      | Reached skill level 1 in Fighting
  1521 | D:2      | Reached skill level 1 in Long Blades
  1521 | D:2      | Reached skill level 1 in Axes
  1521 | D:2      | Reached skill level 1 in Maces & Flails
  1521 | D:2      | Reached skill level 1 in Polearms
  1521 | D:2      | Reached skill level 1 in Staves
  1521 | D:2      | Reached skill level 1 in Slings
  1521 | D:2      | Reached skill level 1 in Bows
  1521 | D:2      | Reached skill level 1 in Crossbows
  1521 | D:2      | Reached skill level 1 in Throwing
  1521 | D:2      | Reached skill level 1 in Armour
  1521 | D:2      | Reached skill level 1 in Shields
  1521 | D:2      | Reached skill level 1 in Unarmed Combat
  1521 | D:2      | Reached skill level 1 in Evocations
  1667 | D:2      | Reached XP level 4. HP: 32/32 MP: 11/11
  2077 | D:3      | Reached skill level 1 in Conjurations
  2077 | D:3      | Reached skill level 1 in Summonings
  2077 | D:3      | Reached skill level 1 in Necromancy
  2077 | D:3      | Reached skill level 1 in Translocations
  2077 | D:3      | Reached skill level 1 in Transmutations
  2077 | D:3      | Reached skill level 1 in Fire Magic
  2077 | D:3      | Reached skill level 1 in Ice Magic
  2077 | D:3      | Reached skill level 1 in Air Magic
  2077 | D:3      | Reached skill level 1 in Earth Magic
  2077 | D:3      | Reached skill level 1 in Poison Magic
  2236 | D:3      | Noticed Terence
  2292 | D:3      | Killed Terence
  2292 | D:3      | Reached XP level 5. HP: 15/37 MP: 12/12
  2774 | D:3      | Noticed Jessica
  2792 | D:3      | Killed Jessica
  3565 | D:3      | Reached XP level 6. HP: 36/44 MP: 13/13
  4676 | D:4      | Noticed Pikel
  4988 | D:4      | Noticed Ijyb
  5025 | D:4      | Killed Ijyb
  5025 | D:4      | Reached skill level 5 in Dodging
  5088 | D:4      | Noticed Robin
  5111 | D:4      | Killed Robin
  5720 | D:4      | Noticed an acid dragon
  5720 | D:4      | an ogre changed into an acid dragon
  5721 | D:4      | Noticed a fire bat
  5721 | D:4      | an acid dragon changed into a fire bat
  5948 | D:3      | Reached XP level 7. HP: 37/50 MP: 15/15
  6298 | D:3      | a fire bat changed into a tengu
  6978 | D:4      | Noticed a shadow
  6979 | D:4      | Found a shadowy altar of Dithmenos.
  6980 | D:4      | Found a hazy altar of Hepliaklqana.
  6999 | D:4      | Killed Pikel
  6999 | D:4      | Reached XP level 8. HP: 25/58 MP: 15/17
  7213 | D:4      | Found a runed translucent door.
  7214 | D:4      | Noticed Crazy Yiuf
  7319 | D:4      | Killed Crazy Yiuf
  7346 | D:5      | Entered Level 5 of the Dungeon
  7392 | D:5      | Found Keelelia's Jewellery Boutique.
  7478 | D:5      | Found Gotsyesy's Distillery.
  7481 | D:5      | Bought a potion of might for 56 gold pieces
  7579 | D:5      | Found a staircase to the Ecumenical Temple.
  7585 | D:5      | Found Ucog's Antique Armour Shop.
  7597 | Temple   | Entered the Ecumenical Temple
  7616 | Temple   | Became a worshipper of Cheibriados the Contemplative
  7792 | D:5      | Found Jimuamoi's General Store.
  7798 | D:5      | Bought 2 scrolls of teleportation for 84 gold pieces
  8125 | D:5      | Found a broken altar of Ashenzari.
  8239 | D:5      | Found Emejou's Book Shop.
  8739 | D:6      | Reached XP level 9. HP: 65/65 MP: 18/18
  8761 | D:6      | Found an ancient bone altar of Kikubaaqudgha.
  8774 | D:6      | Reached * piety under Cheibriados
  8996 | D:6      | Noticed Edmund
  9003 | D:6      | Killed Edmund
  9108 | D:6      | Found a shimmering blue altar of Sif Muna.
  9168 | D:6      | Noticed Grinder
  9184 | D:6      | Killed Grinder
  9492 | D:6      | Reached skill level 5 in Short Blades
  9612 | D:7      | Noticed Dowan
  9619 | D:7      | Killed Dowan
  9620 | D:7      | Noticed Duvessa
  9636 | D:7      | Killed Duvessa
  9739 | D:7      | Reached ** piety under Cheibriados
  9810 | D:7      | Reached skill level 5 in Invocations
  9838 | D:7      | Found a glowing golden altar of the Shining One.
 10589 | D:8      | Reached XP level 10. HP: 67/73 MP: 20/20
 10696 | D:8      | Found a staircase to the Lair.
 10703 | D:8      | Reached *** piety under Cheibriados
 10706 | D:8      | Reached skill level 5 in Fighting
 10706 | D:8      | Reached skill level 5 in Long Blades
 10706 | D:8      | Reached skill level 5 in Axes
 10706 | D:8      | Reached skill level 5 in Maces & Flails
 10706 | D:8      | Reached skill level 5 in Polearms
 10706 | D:8      | Reached skill level 5 in Staves
 10706 | D:8      | Reached skill level 5 in Slings
 10706 | D:8      | Reached skill level 5 in Bows
 10706 | D:8      | Reached skill level 5 in Crossbows
 10706 | D:8      | Reached skill level 5 in Throwing
 10706 | D:8      | Reached skill level 5 in Armour
 10706 | D:8      | Reached skill level 5 in Shields
 10706 | D:8      | Reached skill level 5 in Unarmed Combat
 10706 | D:8      | Reached skill level 5 in Evocations
 11207 | D:8      | Reached **** piety under Cheibriados
 11485 | D:9      | Noticed a two-headed ogre
 11493 | D:9      | Killed a two-headed ogre
 11998 | D:9      | Noticed Maurice
 12031 | D:9      | Killed Maurice
 12186 | D:9      | Reached XP level 11. HP: 81/81 MP: 22/22
 12818 | D:10     | Entered Level 10 of the Dungeon
 12930 | D:10     | Killed an unseen horror
 12930 | D:10     | Reached skill level 5 in Conjurations
 12930 | D:10     | Reached skill level 5 in Summonings
 12930 | D:10     | Reached skill level 5 in Necromancy
 12930 | D:10     | Reached skill level 5 in Translocations
 12930 | D:10     | Reached skill level 5 in Transmutations
 12930 | D:10     | Reached skill level 5 in Fire Magic
 12930 | D:10     | Reached skill level 5 in Ice Magic
 12930 | D:10     | Reached skill level 5 in Air Magic
 12930 | D:10     | Reached skill level 5 in Earth Magic
 12930 | D:10     | Reached skill level 5 in Poison Magic
 13008 | D:10     | Killed an unseen horror
 13690 | D:11     | Noticed Erolcha
 13690 | D:11     | Noticed a green ugly thing
 13691 | D:11     | Noticed a white ugly thing
 13694 | D:11     | Noticed Sonja
 13699 | D:11     | Killed Sonja
 13699 | D:11     | Noticed a cyan ugly thing
 13709 | D:11     | Killed an unseen horror
 13714 | D:11     | Slain by a cyan ugly thing

Illustrated notes

Levels and vault maps discovered:
D:1:      sevenhm_arrival_forest_fort_small_3, layout_basic
D:2:      layout_basic, nemelex_xobeh_ov_fountains_minmay
D:3:      layout_basic, uniq_terence, uniq_jessica
D:4:      layout_rooms, riverfiend_overflow_shadow_ancestor, uniq_ijyb,
          uniq_crazy_yiuf_cottage, uniq_pikel, uniq_robin
D:5:      layout_gridville, minmay_temple_entry_butterflies, serial_shops,
          nicolae_shop_statue_plus, shop, nicolae_shop_stone,
          nicolae_shop_trees, kennysheep_mini_moat, evilmike_ruin_ashenzari
D:6:      layout_basic, kiku_gazebo_pond_becter, marbit_many_paths,
          chequers_serial_rivers_marsh, uniq_edmund, uniq_grinder
D:7:      layout_loops_ring, lemuel_doored_altar, uniq_duvessa
D:8:      layout_basic, erik_lair_orcish_takeover,
          minmay_fractal_squares_gapless_5
D:9:      layout_basic, chequers_garden, uniq_maurice
D:10:     layout_basic, serial_park_tiny_pond
D:11:     layout_rooms, bh_circular_ruins, uniq_erolcha, uniq_sonja
Temple:   nicolae_temple_elliptical

Skill      XL: |  1  2  3  4  5  6  7  8  9 10 11 |
---------------+----------------------------------+-----
Spellcasting   | 5 6 7 8 |  8.2
Stealth        | 6 7 8 |  8.8
Invocations    | 1 2 3 4 5 6 7 |  7.0
Fighting       | 1 2 3 4 5 6 |  6.3
Long Blades    | 1 2 3 4 5 6 |  6.3
Axes           | 1 2 3 4 5 6 |  6.3
Maces & Flails | 1 2 3 4 5 6 |  6.3
Polearms       | 1 2 3 4 5 6 |  6.3
Staves         | 1 2 3 4 5 6 |  6.3
Slings         | 1 2 3 4 5 6 |  6.3
Bows           | 1 2 3 4 5 6 |  6.3
Crossbows      | 1 2 3 4 5 6 |  6.3
Throwing       | 1 2 3 4 5 6 |  6.3
Armour         | 1 2 3 4 5 6 |  6.3
Shields        | 1 2 3 4 5 6 |  6.3
Unarmed Combat | 1 2 3 4 5 6 |  6.3
Evocations     | 1 2 3 4 5 6 |  6.3
Conjurations   | 1 2 3 4 5 |  5.3
Summonings     | 1 2 3 4 5 |  5.3
Necromancy     | 1 2 3 4 5 |  5.3
Translocations | 1 2 3 4 5 |  5.3
Transmutations | 1 2 3 4 5 |  5.3
Fire Magic     | 1 2 3 4 5 |  5.3
Ice Magic      | 1 2 3 4 5 |  5.3
Air Magic      | 1 2 3 4 5 |  5.3
Earth Magic    | 1 2 3 4 5 |  5.3
Poison Magic   | 1 2 3 4 5 |  5.3
Short Blades   | 3 4 5 6 |  6.9
Dodging        | 5 6 7 |  7.9
Hexes          | 6 7 |  7.7

Action                   |  1- 3 |  4- 6 |  7- 9 | 10-12 || total
-------------------------+-------+-------+-------+-------++-------
Melee: Dagger            |   118 |   412 |    54 |       ||   584
       Bite              |     9 |    40 |    46 |    52 ||   147
       Punch             |       |     3 |       |       ||     3
       Unarmed           |       |    10 |       |       ||    10
       Whip              |       |       |   217 |       ||   217
       Trident           |       |       |     8 |       ||     8
       War axe           |       |       |    78 |   226 ||   304
Invok: Slouch            |       |       |       |     2 ||     2
Evoke: Wand              |       |     2 |     2 |       ||     4
  Use: Potion            |       |     2 |     1 |     2 ||     5
       Scroll            |       |       |    13 |     5 ||    18
 Stab: Sleeping          |    10 |     9 |    11 |       ||    30
       Distracted        |       |       |     1 |       ||     1
Armor: Robe              |    17 |    35 |    29 |       ||    81
       Skin              |       |     2 |       |       ||     2
       Chain mail        |       |       |     9 |    72 ||    81
Dodge: Dodged            |    76 |   162 |    93 |    89 ||   420
Block: Tower shield      |       |    74 |   357 |   338 ||   769
       Reflection        |       |       |    17 |    22 ||    39

Table legend: (Time is in decaauts)
 A = Elapsed time spent in this place.
 B = Non-inter-level travel time spent in this place.
 C = Inter-level travel time spent in this place.
 D = Time resting spent in this place.
 E = Time spent auto-exploring this place.
 F = Levels seen in this place.
 G = Mean time per level.
                   A        B        C        D        E       F      G
               +--------+--------+--------+--------+--------+-----+--------+
         Total |  15839 |  15457 |    382 |   1758 |  11119 |  12 | 1319.9 |
       Dungeon |  15797 |  15437 |    360 |   1758 |  11104 |  11 | 1436.1 |
        Temple |     42 |     21 |     21 |      0 |     15 |   1 |   42.0 |
               +--------+--------+--------+--------+--------+-----+--------+

Top non-repeatable levels by time:
     D:3: 3225 daAuts
     D:9: 2009 daAuts
     D:8: 1584 daAuts
     D:6: 1499 daAuts
     D:2: 1456 daAuts
    D:10: 1323 daAuts
     D:4: 1291 daAuts
     D:1: 1188 daAuts
     D:5: 1142 daAuts
     D:7: 1030 daAuts
    D:11: 47 daAuts
  Temple: 42 daAuts
